 Dungeon Crawl Stone Soup version 0.31-a0-949-g57150269e1 (webtiles) character file.

Game seed: 16638197957040212454

228 LadyBoffin the Firebug (level 6, -1/30 (32) HPs)
             Began as a Tengu Fire Elementalist on Oct 21, 2023.
             Slain by Duvessa
             ... wielding a +5 short sword of draining
              (14 damage)
             ... on level 4 of the Dungeon on Oct 22, 2023.
             The game lasted 00:16:48 (3510 turns).

LadyBoffin the Firebug (Tengu Fire Elementalist)    Turns: 3510, Time: 00:16:50

HP:   -1/30 (32)    AC:  3    Str:  9    XL:     6   Next: 2%
MP:   0/12          EV: 12    Int: 17    God:
Gold: 182           SH:  0    Dex: 14    Spells: 10/11 levels left

rFire   . . .        o - +2 hand axe (vamp)
rCold   . . .        (no shield)
rNeg    . . .        a - +0 robe
rPois   .            (helmet restricted)
rElec   .            j - +0 cloak
rCorr   .            (no gloves)
SInv    .            (boots unavailable)
Will    .....        (no amulet)
Stlth   ++           (no ring)
HPRegen 0.25/turn    (no ring)
MPRegen 0.13/turn

%: acrobat
@: drained
A: beak, talons 3, acrobatic
a: no special abilities


You were on level 4 of the Dungeon.
You visited 2 branches of the dungeon, and saw 5 of its levels.

You collected 182 gold pieces.

Inventory:

Hand Weapons
 h - a +0 short sword
 o - a +2 vampiric hand axe (weapon)
Armour
 a - a +0 robe (worn)
 j - a +0 cloak (worn)
Scrolls
 c - a scroll of teleportation
 f - a scroll of fog
 i - a scroll of enchant armour {unknown}
 k - a scroll of torment {unknown}
 p - a scroll of fear {unknown}
Potions
 b - a potion of magic
 d - a potion of resistance {unknown}
 e - 3 potions of curing
 g - a potion of lignification
 l - a potion of degeneration {unknown}
 n - a potion of berserk rage {unknown}


   Skills:
 + Level 0.3 Fighting
 + Level 0.4 Axes
 + Level 2.6 Dodging
 + Level 2.4 Stealth
 + Level 3.4 Spellcasting
 + Level 3.7 Conjurations
 + Level 4.8 Fire Magic


You had 10 spell levels left.
You knew the following spells:

 Your Spells              Type           Power      Damage    Failure   Level
a - Foxfire               Conj/Fire      68%        2x1d7     3%          1

Your spell library contained the following spells:

 Spells                   Type           Power      Damage    Failure   Level
 Scorch                   Fire           38%        2d6       3%          2
 Slow                     Hex            8%         N/A       17%         1
 Inner Flame              Hex/Fire       11%        N/A       19%         3
 Volatile Blastmotes      Fire/Tloc      22%        2d11      19%         3
 Dazzling Flash           Conj/Hex       18%        N/A       24%         3
 Ensorcelled Hibernation  Hex/Ice        4%         N/A       26%         2
 Jinxbite                 Hex            4%         N/A       26%         2
 Lesser Beckoning         Tloc           4%         N/A       26%         2
 Flame Wave               Conj/Fire      17%        2d7       28%         4
 Confusing Touch          Hex            2%         N/A       45%         3
 Gell's Gravitas          Tloc           2%         N/A       45%         3
 Sigil of Binding         Hex            2%         N/A       45%         3
 Summon Guardian Golem    Hex/Summ       2%         N/A       45%         3
 Teleport Other           Tloc           2%         N/A       45%         3
 Vampiric Draining        Necr           2%         2d6       45%         3
 Anguish                  Hex/Necr       1%         N/A       86%         4
 Starburst                Conj/Fire      8%         6d4       99%         6
 Orb of Destruction       Conj           7%         9d6       100%        7
 Spellforged Servitor     Conj/Summ      4%         N/A       100%        7
 Maxwell's Capacitive Co  Air            1%         ∞         100%        8


Dungeon Overview and Level Annotations

Branches:
Dungeon (4/15)             Temple (1/1) D:4

Altars:
Ashenzari
Cheibriados
Dithmenos
Elyvilon
Fedhas
Gozag
Hepliaklqana
Kikubaaqudgha
Makhleb
Okawaru
Qazlal
Ru
Sif Muna
Trog
Uskayaw
Wu Jian
Xom
The Shining One

Annotations:
D:4 Dowan, Duvessa


Innate Abilities, Weirdness & Mutations

You have a beak for a mouth.
You have claws for feet.
You can magically evade attacks while moving or waiting.


Message History

The foxfire hits Dowan!
Dowan is moderately wounded.
The foxfire hits Duvessa.
Duvessa is heavily wounded.
Casting: Foxfire (safe; 3% risk of failure)
Confirm with . or Enter, or press ? or * to list all spells.
You conjure some foxfire!
Casting: Foxfire (safe; 3% risk of failure)
Confirm with . or Enter, or press ? or * to list all spells.
You conjure some foxfire!
The foxfire hits Duvessa.
Duvessa is heavily wounded.
The foxfire hits Duvessa.
Duvessa is severely wounded.
Duvessa completely misses you. Dowan misses you.
Casting: Foxfire (safe; 3% risk of failure)
Confirm with . or Enter, or press ? or * to list all spells.
You conjure some foxfire!
The foxfire hits Duvessa.
Duvessa is severely wounded.
Duvessa misses you. Dowan gestures at you while chanting.
The puff of frost hits you!
You hit Duvessa.
You feel better.
You claw Duvessa.
Duvessa is almost dead.
You hit Dowan but do no damage.
The foxfire hits Duvessa but does no damage.
Duvessa is almost dead.
The foxfire hits Duvessa.
Duvessa is almost dead.
The foxfire hits Duvessa but does no damage.
Duvessa is almost dead.
Dowan hits you with a +0 dagger.
Duvessa hits you with a +5 short sword of draining!
You feel drained.
Your magical contamination has completely faded away.
Aiming: Charm
Press: ? - help, Shift-Dir - straight line, f - Dowan
Aim: Dowan, wielding a +0 dagger and wearing a +2 robe (moderately wounded, chance to affect: 49%) Dowan is charmed.
The now-empty wand crumbles to dust.
Duvessa hits you with a +5 short sword of draining!
You die...

.......
##..............
...#...
####........)..#
...##..
#..#######..#
#..# ### .##
####§.#######.#
###...§...'_'...#
#.....#.###'###.#
......#§#.# #.#
.....##§@e# #.#
....# ##.e......
.... #...#####
... ##### #


You could see Duvessa and the friendly Dowan (charmed).

Vanquished Creatures
  A hound (D:4)
  A gnoll bouda (D:3)
  An iguana (D:4)
  4 adders
  4 worms
  4 orcs (D:4)
  9 ball pythons
  9 bats
  8 endoplasms
  3 giant cockroaches
  8 goblins
  10 hobgoblins
  9 jackals
  A quokka (D:3)
  2 frilled lizards
  10 kobolds
  6 rats
90 creatures vanquished.

Vanquished Creatures (others)
  239 foxfires
239 creatures vanquished.

Grand Total: 329 creatures vanquished

Notes
Turn   | Place    | Note
-------+----------+-------------------------------------------
     0 | D:1      | LadyBoffin the Tengu Fire Elementalist began the quest for
                  | the Orb.
     0 | D:1      | Reached XP level 1. HP: 10/10 MP: 4/4
   234 | D:1      | Reached XP level 2. HP: 15/15 MP: 4/6
   639 | D:1      | Reached skill level 4 in Fire Magic
   641 | D:1      | Reached XP level 3. HP: 9/19 MP: 1/7
  1681 | D:2      | Reached XP level 4. HP: 24/24 MP: 4/8
  1956 | D:2      | Found a faded altar of an unknown god.
  2515 | D:3      | Reached XP level 5. HP: 28/28 MP: 4/10
  2764 | D:3      | Found a blossoming altar of Fedhas.
  2947 | D:3      | Found an ancient bone altar of Kikubaaqudgha.
  3201 | D:4      | Found a staircase to the Ecumenical Temple.
  3224 | Temple   | Entered the Ecumenical Temple
  3412 | D:4      | Found an ornate altar of the Wu Jian Council.
  3449 | D:4      | Noticed Dowan
  3482 | D:4      | Reached XP level 6. HP: 32/32 MP: 7/12
  3497 | D:4      | Noticed Duvessa
  3510 | D:4      | Slain by Duvessa

Illustrated notes

Levels and vault maps discovered:
D:1:      minmay_arrival_four_houses, layout_basic, serial_forest,
          infiniplex_forest_straight_3, infiniplex_forest_lined_2,
          infiniplex_forest_straight_3, infiniplex_forest_end_double,
          infiniplex_forest_straight_3, infiniplex_forest_end_1,
          infiniplex_forest_lined_3, infiniplex_forest_clump_double,
          infiniplex_forest_lined_2
D:2:      kennysheep_big_flooded_room, layout_basic,
          dreamdust_ecumenical_altar_statues, roderic_serpentine_path
D:3:      minmay_chambers_of_twos, layout_loops_ring, overflow_temple_1_default,
          fedhas_altar_fruit_tree, minmay_surrounded
D:4:      cheibrodos_helix_gallery, layout_rooms, lemuel_doored_altar,
          nicolae_overflow_hidden_temple, minmay_temple_entry_slanted,
          uniq_duvessa
Temple:   hellmonk_temple_of_storms

Skill      XL: |  1  2  3  4  5 |
---------------+----------------+-----
Fire Magic     | 4 |  4.8
Conjurations   | 2 3 |  3.7
Spellcasting   | 3 |  3.4
Fighting       | |  0.3
Axes           | |  0.4
Dodging        | |  2.6
Stealth        | |  2.4

Action                     |  1- 3 |  4- 6 || total
---------------------------+-------+-------++-------
  Melee: Short sword       |     5 |    16 ||    21
         Kick              |     2 |    11 ||    13
         Peck              |     1 |     6 ||     7
         Hand axe          |       |     9 ||     9
   Cast: Foxfire           |    72 |    88 ||   160
  Evoke: Wand              |       |     1 ||     1
    Use: Scroll            |       |     4 ||     4
 Armour: Robe              |    21 |    26 ||    47
  Dodge: Dodged            |    40 |    33 ||    73

Table legend: (Time is in decaauts)
 A = Elapsed time spent in this place.
 B = Non-inter-level travel time spent in this place.
 C = Inter-level travel time spent in this place.
 D = Time resting spent in this place.
 E = Time spent auto-exploring this place.
 F = Levels seen in this place.
 G = Mean time per level.
                   A        B        C        D        E       F      G
               +--------+--------+--------+--------+--------+-----+--------+
         Total |   3511 |   3360 |    151 |    495 |   1428 |   5 |  702.2 |
       Dungeon |   3400 |   3354 |     46 |    495 |   1428 |   4 |  850.0 |
        Temple |    110 |      5 |    105 |      0 |      0 |   1 |  110.0 |
               +--------+--------+--------+--------+--------+-----+--------+

Top non-repeatable levels by time:
     D:1: 1107 daAuts
     D:2: 1086 daAuts
     D:3: 929 daAuts
     D:4: 276 daAuts
  Temple: 110 daAuts
